 Dungeon Crawl Stone Soup version 0.32-a0-607-g64ea0e4219 (webtiles) character file.

Game seed: 11263672969137449343

1162 gimp the Skirmisher (level 8, -7/64 HPs)
             Began as a Coglin Hunter on Mar 3, 2024.
             Was an Initiate of Hepliaklqana.
             Mangled by a two-headed ogre
             ... wielding a +0 giant club
              (11 damage)
             ... on level 7 of the Dungeon.
             The game lasted 00:12:09 (5670 turns).

gimp the Skirmisher (Coglin Hunter)                 Turns: 5670, Time: 00:12:09

Health: -7/64      AC:  7    Str: 11    XL:     8   Next: 40%
Magic:  8/8        EV: 12    Int:  9    God:    Hepliaklqana [......]
Gold:   493        SH:  0    Dex: 20    Spells: 7/7 levels left

rFire   . . .        a - +2 sling {Juan}
rCold   . . .        d - +0 sling {Ran}
rNeg    . . .        C - +3 leather armour
rPois   .            (no helmet)
rElec   .            (no cloak)
rCorr   .            (no gloves)
SInv    .            r - +0 pair of boots
Will    .....        (amulet unavailable)
Stlth   ++           (ring unavailable)
HPRegen 0.30/turn    (ring unavailable)
MPRegen 0.11/turn    (no gizmo)

%: no passive effects
@: no status effects
A: off-hand wielding, slow wielding, warmup strikes, no jewellery
a: Invent Gizmo, Renounce Religion


You were on level 7 of the Dungeon.
You worshipped Hepliaklqana.
Hepliaklqana was noncommittal.
You visited 2 branches of the dungeon, and saw 8 of its levels.

You collected 493 gold pieces.

Inventory:

Hand Weapons
 a - a +2 sling (weapon) {Juan}
 d - a +0 sling (offhand) {Ran}
Armour
 r - a +0 pair of boots (worn)
 C - a +3 leather armour (worn)
Wands
 c - a wand of light (11)
 n - a wand of polymorph (10)
 u - a wand of digging (7)
 B - a wand of mindburst (10)
Scrolls
 b - a scroll of butterflies
 e - 2 scrolls of vulnerability {unknown}
 f - a scroll of revelation {unknown}
 g - 5 scrolls of identify {unknown}
 i - 3 scrolls of blinking {unknown}
 k - 5 scrolls of teleportation {unknown}
 l - a scroll of torment {unknown}
 q - a scroll of noise {unknown}
 s - a scroll of silence {unknown}
 v - a scroll of poison {unknown}
 y - a scroll of enchant weapon {unknown}
 z - a scroll of amnesia {unknown}
 A - 2 scrolls of fear {unknown}
Potions
 h - 3 potions of might
 j - a potion of heal wounds
 m - a potion of haste {unknown}
 o - a potion of lignification {unknown}
 t - a potion of enlightenment
 x - a potion of degeneration {unknown}


   Skills:
 + Level 5.9 Fighting
 * Level 8.2 Ranged Weapons
 - Level 1.7 Dodging
 - Level 0.7 Stealth


You had 7 spell levels left.
You didn't know any spells.
Your spell library contained the following spells:

 Spells                   Type           Power      Damage    Failure   Level
 Kiss of Death            Conj/Necr      0%         2d5       47%         1
 Call Imp                 Summ           0%         N/A       63%         2
 Ensorcelled Hibernation  Hex/Ice        0%         N/A       63%         2
 Scorch                   Fire           0%         2d5       63%         2
 Sublimation of Blood     Necr           0%         N/A       63%         2
 Confusing Touch          Hex            0%         N/A       85%         3
 Fugue of the Fallen      Necr           0%         N/A       85%         3
 Anguish                  Hex/Necr       0%         N/A       99%         4
 Dispel Undead            Necr           0%         3d6       99%         4
 Flame Wave               Conj/Fire      0%         2d4       99%         4
 Summon Cactus Giant      Summ           0%         N/A       100%        6
 Summon Hydra             Summ           0%         N/A       100%        7


Dungeon Overview and Level Annotations

Branches:
Dungeon (7/15)             Temple (1/1) D:6

Altars:
Cheibriados
Dithmenos
Elyvilon
Fedhas
Gozag
Hepliaklqana
Kikubaaqudgha
Makhleb
Nemelex Xobeh
Okawaru
Qazlal
Sif Muna
Trog
Uskayaw
Wu Jian
Xom
Yredelemnul
The Shining One

Shops:
D:6 !   D:7 *

Annotations:
D:4 Edmund
D:6 Jeremiah
D:7 1 transporter


Innate Abilities, Weirdness & Mutations

You can wield a second weapon in your off-hand.
It takes a long time for you to wield or remove held weapons.
Your first few attacks do less damage.
You cannot equip rings or amulets.


Message History

You shoot a sling bullet.
The sling bullet completely misses the black bear.
You shoot a sling bullet.
The sling bullet barely misses the black bear.
You shoot a sling bullet. The sling bullet hits the black bear!
The black bear is severely wounded.
You shoot a sling bullet. The sling bullet hits the black bear.
The black bear is almost dead.
The black bear goes berserk!
You shoot a sling bullet.
The sling bullet hits the black bear but does no damage.
The black bear is almost dead.
You shoot a sling bullet.
The sling bullet closely misses the black bear.
You shoot a sling bullet. The sling bullet hits the black bear!
You kill the black bear!
You shoot a sling bullet.
No target in view!
You now have 474 gold pieces (gained 18).
A - 2 scrolls labelled FEAGRA HAXKO (gained 1)
k - 5 scrolls labelled CIFFAKUCVE (gained 1)
You see here 4 poisoned darts.
h - 3 potions of might (gained 1)
j - a potion of heal wounds
i - 3 scrolls labelled UNATWE CEORE (gained 1)
You now have 493 gold pieces (gained 19).
You pick up a book of Blood and begin reading...
You add the spells Call Imp, Sublimation of Blood and Summon Hydra to your library.
There is a stone staircase leading up here.
You see here a +1 ring mail of willpower.
You shoot a sling bullet.
The sling bullet barely misses the two-headed ogre.
You shoot a sling bullet. The two-headed ogre shouts in stereo!
The sling bullet hits the two-headed ogre.
The two-headed ogre is lightly wounded.
You shoot a sling bullet.
The sling bullet hits the two-headed ogre.
The two-headed ogre is lightly wounded.
You shoot a sling bullet.
The sling bullet hits the two-headed ogre.
The two-headed ogre is lightly wounded.
Aiming: Mindburst
Press: ? - help, Shift-Dir - straight line, f/p - two-headed ogre
Aim: a two-headed ogre, wielding a +0 giant club and a +0 dire flail (lightly wounded, chance to affect: 47%)
The two-headed ogre resists with some effort.
Aiming: Mindburst
Press: ? - help, Shift-Dir - straight line, f/p - two-headed ogre
Aim: a two-headed ogre, wielding a +0 giant club and a +0 dire flail (lightly wounded, chance to affect: 47%)
The two-headed ogre resists with some effort.
Aiming: Mindburst
Press: ? - help, Shift-Dir - straight line, f/p - two-headed ogre
Aim: a two-headed ogre, wielding a +0 giant club and a +0 dire flail (lightly wounded, chance to affect: 47%)
The two-headed ogre resists with some effort.
The two-headed ogre closely misses you.
The two-headed ogre hits you with a +0 dire flail.
You take 4 damage, and have 60/64 hp.
Aiming: Mindburst
Press: ? - help, Shift-Dir - straight line, f/p - two-headed ogre
Aim: a two-headed ogre, wielding a +0 giant club and a +0 dire flail (lightly wounded, chance to affect: 47%)
The two-headed ogre resists with some effort.
Okay, then.
Unknown command.
Aiming: Mindburst
Press: ? - help, Shift-Dir - straight line, f/p - two-headed ogre
Aim: a two-headed ogre, wielding a +0 giant club and a +0 dire flail (lightly wounded, chance to affect: 47%)
The two-headed ogre resists with some effort.
The two-headed ogre completely misses you.
The two-headed ogre closely misses you.
Aiming: Mindburst
Press: ? - help, Shift-Dir - straight line, f/p - two-headed ogre
Aim: a two-headed ogre, wielding a +0 giant club and a +0 dire flail (lightly wounded, chance to affect: 47%)
The two-headed ogre's minds are blasted!
The two-headed ogre hits you with a +0 giant club!!
The two-headed ogre hits you with a +0 dire flail!
You take 32 damage, and have 28/64 hp.
MASSIVE DAMAGE!!
Unknown command.
Unknown command.
Aiming: Mindburst
Press: ? - help, Shift-Dir - straight line, f/p - two-headed ogre
Aim: a two-headed ogre, wielding a +0 giant club and a +0 dire flail (moderately wounded, chance to affect: 47%)
The two-headed ogre resists with some effort.
Okay, then.
Unknown command.
Aiming: Mindburst
Press: ? - help, Shift-Dir - straight line, f/p - two-headed ogre
Aim: a two-headed ogre, wielding a +0 giant club and a +0 dire flail (moderately wounded, chance to affect: 47%)
The two-headed ogre resists with some effort.
The two-headed ogre hits you with a +0 giant club!!
* * * LOW HITPOINT WARNING * * *
The two-headed ogre closely misses you.
You take 24 damage, and have 4/64 hp.
MASSIVE DAMAGE!!
Aiming: Mindburst
Press: ? - help, Shift-Dir - straight line, f/p - two-headed ogre
Aim: a two-headed ogre, wielding a +0 giant club and a +0 dire flail (moderately wounded, chance to affect: 47%)
The two-headed ogre resists with some effort.
The two-headed ogre barely misses you.
The two-headed ogre hits you with a +0 dire flail!
You die...
Hepliaklqana delivers you to your ancestors.

###### .... #....# .... ####....#
.... #.......# ..#
.########.###...# #..
................#######
#.##..#######.##[.#........
#.........@##.##.##..######
#........O....##.###.####..
.######........####.##.###.#.....
......#........# #..........#...
.####..........######...##.###...
##...................<.......
##...#..........##...........
##......##..#######...........
#....#..........##............


You could see a two-headed ogre.

Vanquished Creatures
  A wyvern (D:7)
  A water moccasin (D:7)
  An ice beast (D:7)
  A black bear (D:7)
  An ogre (D:6)
  A scorpion (D:7)
  5 killer bees (D:7)
  3 bombardier beetles
  A jelly (D:5)
  An iguana (D:7)
  A sleepcap (D:5)
  7 adders
  2 ufetubi (D:7)
  4 dart slugs
  3 ribbon worms (D:2)
  5 orcs
  11 ball pythons
  7 endoplasms
  4 giant cockroaches
  3 goblins
  10 hobgoblins
  3 jackals (D:1)
  4 quokkas
  8 bats
  2 frilled lizards
  8 kobolds
  7 rats
105 creatures vanquished.

Notes
Turn   | Place    | Note
-------+----------+-------------------------------------------
     0 | D:1      | gimp the Coglin Hunter began the quest for the Orb.
     0 | D:1      | Reached XP level 1. HP: 16/16 MP: 1/1
    55 | D:1      | Reached XP level 2. HP: 21/22 MP: 2/2
    65 | D:1      | Reached skill level 4 in Ranged Weapons
   373 | D:1      | Reached XP level 3. HP: 28/28 MP: 3/3
  1103 | D:2      | Found an opulent altar of Gozag.
  1116 | D:2      | Reached XP level 4. HP: 34/34 MP: 4/4
  1353 | D:2      | Identified the +6 scale mail of Ibrisk {Str+4}
  2456 | D:3      | Reached skill level 5 in Ranged Weapons
  2456 | D:3      | Reached XP level 5. HP: 31/41 MP: 5/5
  2593 | D:3      | Found a faded altar of an unknown god.
  2835 | D:3      | You fall into a shaft and drop 1 floor!
  2964 | D:4      | Noticed Edmund
  3343 | D:5      | Entered Level 5 of the Dungeon
  3544 | D:5      | Reached XP level 6. HP: 48/48 MP: 6/6
  4276 | D:6      | Reached skill level 6 in Ranged Weapons
  4358 | D:6      | Noticed Duvessa
  4391 | D:6      | Duvessa changed into Duvessa the ball python
  4391 | D:6      | Noticed Duvessa
  4392 | D:6      | Killed Duvessa the ball python
  4520 | D:6      | Found Vaz Wuto's Distillery.
  4541 | D:6      | Noticed Jeremiah
  4624 | D:6      | Found an iron altar of Okawaru.
  4639 | D:6      | Found a staircase to the Ecumenical Temple.
  4651 | Temple   | Entered the Ecumenical Temple
  4660 | Temple   | Became a worshipper of Hepliaklqana the Forgotten
  4690 | D:7      | Noticed a wyvern
  4699 | D:7      | Killed a wyvern
  4700 | D:7      | Reached XP level 7. HP: 12/55 MP: 7/7
  4855 | D:7      | Noticed Joseph
  4872 | D:7      | Joseph changed into Joseph the ice beast
  4872 | D:7      | Noticed Joseph
  4881 | D:7      | Killed Joseph the ice beast
  4882 | D:7      | Reached skill level 7 in Ranged Weapons
  5037 | D:7      | Reached skill level 5 in Fighting
  5051 | D:7      | Noticed a two-headed ogre
  5208 | D:7      | Reached XP level 8. HP: 20/62 MP: 8/8
  5256 | D:7      | Reached skill level 8 in Ranged Weapons
  5460 | D:7      | Found a transporter.
  5460 | D:7      | Found Arush's General Store.
  5670 | D:7      | Mangled by a two-headed ogre

Illustrated notes

Levels and vault maps discovered:
D:1:      dpeg_arrival_brainrot, layout_basic, minmay_cupped
D:2:      layout_basic, basic_altar, minmay_misc_feat_tower, minmay_between
D:3:      layout_basic, ebering_ecumenical_altar_petrified
D:4:      layout_loops_cross, reono_crystal_passage, uniq_ijyb, uniq_edmund
D:5:      layout_cave_pods, fountainhead
D:6:      layout_loops_corners, okawaru_ov_weapons_minmay,
          minmay_temple_entry_ruins, minmay_misc_feat_more_columns,
          nicolae_take_the_stairs, uniq_jeremiah, uniq_duvessa
D:7:      layout_rooms, serial_shops, nicolae_shop_drivethru, uniq_joseph
Temple:   sentei_temple_godly_chess

Skill      XL: |  1  2  3  4  5  6  7  8 |
---------------+-------------------------+-----
Ranged Weapons | 4 5 6 7 8 |  8.2
Fighting       | 3 4 5 |  5.9
Dodging        | |  1.7
Stealth        | |  0.7

Action                     |  1- 3 |  4- 6 |  7- 9 || total
---------------------------+-------+-------+-------++-------
   Fire: Sling             |   134 |   342 |   134 ||   610
  Evoke: Wand              |       |     1 |    15 ||    16
    Use: Potion            |       |       |     6 ||     6
 Armour: Leather armour    |     8 |     7 |    37 ||    52
         Scale mail        |       |    30 |     8 ||    38
  Dodge: Dodged            |     5 |    32 |    48 ||    85

Table legend: (Time is in decaauts)
 A = Elapsed time spent in this place.
 B = Non-inter-level travel time spent in this place.
 C = Inter-level travel time spent in this place.
 D = Time resting spent in this place.
 E = Time spent auto-exploring this place.
 F = Levels seen in this place.
 G = Mean time per level.
                   A        B        C        D        E       F      G
               +--------+--------+--------+--------+--------+-----+--------+
         Total |   5747 |   5541 |    206 |    198 |   4374 |   8 |  718.4 |
       Dungeon |   5730 |   5530 |    200 |    198 |   4374 |   7 |  818.6 |
        Temple |     16 |     10 |      6 |      0 |      0 |   1 |   16.0 |
               +--------+--------+--------+--------+--------+-----+--------+

Top non-repeatable levels by time:
     D:2: 1297 daAuts
     D:1: 969 daAuts
     D:3: 938 daAuts
     D:5: 937 daAuts
     D:7: 928 daAuts
     D:6: 475 daAuts
     D:4: 184 daAuts
  Temple: 16 daAuts
